 Dungeon Crawl Stone Soup version 0.30.1-3-gfc49f6343a (webtiles) character file.

Game seed: 7578301293429016575

669 Descartes the Shield-Bearer (level 7, -12/52 HPs)
             Began as a Formicid Fighter on July 23, 2023.
             Was an Initiate of Gozag.
             Killed by divine providence
             ... invoked by an orc priest
              (14 damage)
             ... on level 5 of the Dungeon.
             The game lasted 00:05:21 (4359 turns).

Descartes the Shield-Bearer (Formicid Fighter)      Turns: 4359, Time: 00:05:21

Health: -12/52     AC: 12    Str: 22    XL:     7   Next: 89%
Magic:  7/7        EV: 14    Int:  8    God:    Gozag
Gold:   326        SH:  5    Dex: 13    Spells: 4/6 levels left

rFire   . . .        a - +0 war axe
rCold   . . .        c - +0 buckler
rNeg    . . .        b - +0 scale mail
rPois   .            (helmet unavailable)
rElec   .            h - +0 cloak
rCorr   .            (no gloves)
SInv    +            (no boots)
Will    .....        (no amulet) Stlth
                     f - +5 ring of evasion
HPRegen 0.28/turn    x - +4 ring of protection
MPRegen 0.10/turn

%: no passive effects
@: gold aura
A: permanent stasis, dig shafts and tunnels, antennae 3, four strong arms
a: Dig, Shaft Self, Renounce Religion, Potion Petition, Call Merchant, Bribe
Branch


You were on level 5 of the Dungeon.
You worshipped Gozag.
Gozag was aware of your devotion.
You visited 2 branches of the dungeon, and saw 6 of its levels.

You collected 417 gold pieces.
You paid 91 gold pieces to Gozag.

Inventory:

Hand Weapons
 a - a +0 war axe (weapon)
Missiles
 y - 2 throwing nets
Armour
 b - a +0 scale mail (worn)
 c - a +0 buckler (worn)
 h - a +0 cloak (worn)
Jewellery
 f - a +5 ring of evasion (left hand)
 i - a ring of positive energy
 l - an amulet of faith
 x - a +4 ring of protection (right hand)
Wands
 u - a wand of charming (13)
 w - a wand of iceblast (10)
Scrolls
 g - a scroll of teleportation {unknown}
 j - a scroll of noise {unknown}
 m - 4 scrolls of identify {unknown}
 n - a scroll of silence {unknown}
 o - 2 scrolls of poison {unknown}
 p - 2 scrolls of blinking {unknown}
 s - a scroll of amnesia {unknown}
Potions
 d - 2 potions of might
 e - 4 potions of curing {unknown}
 k - a potion of berserk rage {unknown}
 q - a potion of magic {unknown}
 r - a potion of degeneration {unknown}
 t - 4 potions of flight {unknown}
 v - a potion of ambrosia {unknown}
 z - a potion of haste {unknown}
 A - a potion of lignification {unknown}


   Skills:
 - Level 3.2 Fighting
 + Level 4.0 Axes
 + Level 5.0 Armour
 + Level 6.2 Shields
 * Level 5.9 Earth Magic


You had 4 spell levels left.
You knew the following spells:

 Your Spells              Type           Power      Damage    Failure   Level
a - Passwall              Tmut/Erth      3%         N/A       52%         2

Your spell library contained the following spells:

 Spells                   Type           Power      Damage    Failure   Level
 Apportation              Tloc           0%         N/A       78%         1
 Beastly Appendage        Tmut           0%         N/A       78%         1
 Ensorcelled Hibernation  Hex/Ice        0%         N/A       89%         2
 Wereblood                Tmut           0%         N/A       89%         2
 Spider Form              Tmut/Pois      0%         N/A       98%         3
 Alistair's Intoxication  Tmut/Pois      0%         N/A       100%        5
 Swiftness                Air            Unusable   N/A       N/A         3

Dungeon Overview and Level Annotations

Branches:
Dungeon (5/15)             Temple (1/1) D:4

Altars:
Cheibriados
Elyvilon
Fedhas
Gozag
Hepliaklqana
Kikubaaqudgha
Qazlal
Trog
Uskayaw
Vehumet
Wu Jian
Yredelemnul
Zin
The Shining One

Shops:
D:3 =

Annotations:
D:3 3 runed translucent doors, jaiteiro's ghost, amateur DrFE


Innate Abilities, Weirdness & Mutations

You cannot be hasted, slowed, berserked, paralysed or teleported.
You can dig through walls and to a lower floor.
You have a pair of large antennae on your head. (SInv)
Your four strong arms can wield two-handed weapons with a shield.


Message History

You are too injured to fight recklessly!
You are too injured to fight recklessly!
You are too injured to fight recklessly!
You are too injured to fight recklessly!
You are too injured to fight recklessly!
You are too injured to fight recklessly!
You are too injured to fight recklessly!
You are too injured to fight recklessly!
Unknown command.
You hit the orc wizard.
You kill the orc wizard!
You closely miss the orc. The orc hits you but does no damage.
The orc closely misses you.
You hit the orc.
The orc is almost dead.
The orc closely misses you.
You hit the orc.
You kill the orc!
You hit the orc.
The orc is lightly wounded.
The orc misses you. x2
You hit the orc but do no damage.
The orc is lightly wounded.
The orc closely misses you.
The orc priest mumbles some strange prayers to Beogh against you.
Beogh smites you!
* * * LOW HITPOINT WARNING * * *
You closely miss the orc.
The orc is lightly wounded.
The orc hits you with a +0 war axe.
* * * LOW HITPOINT WARNING * * *
You closely miss the orc.
The orc is lightly wounded.
The orc hits you with a +0 war axe!
* * * LOW HITPOINT WARNING * * *
The orc closely misses you.
The orc priest invokes the aid of Beogh against you.
Beogh smites you!
You die...
Your body crumbles into a pile of gold.

..#####.#.#.##.####..#
#.#.#...<####..#
#.#.######.....######
#.#.. ..#.###......#
.(.## #.#.# #.####.# ...
#.#.########.# .).
#o#.##.....#.#
#o#....###.#.# #@###..#
#.#.# ######.###..#
#)#.###
..........#..###)....#
........#.#.....)..#.###
........#.#.########....
........#.#.### #####
........#(#...####### #
........#.#....#....# #
........#.##...##.#.# #


You could see an orc priest and an orc.

Vanquished Creatures
  An ogre (D:5)
  A phantom (D:5)
  A kobold brigand (D:4)
  A scorpion (D:4)
  A hound (D:4)
  An orc priest (D:4)
  2 iguanas (D:5)
  2 orc wizards (D:5)
  Ijyb (D:4)
  5 adders
  A white imp (D:5)
  4 worms
  4 dart slugs
  13 orcs
  12 endoplasms
  7 giant cockroaches
  8 goblins
  7 hobgoblins
  A jackal (D:3)
  3 quokkas
  6 ball pythons
  9 bats
  9 frilled lizards
  11 kobolds
  7 rats
118 creatures vanquished.

Notes
Turn   | Place    | Note
-------+----------+-------------------------------------------
     0 | D:1      | Descartes the Formicid Fighter began the quest for the Orb.
     0 | D:1      | Reached XP level 1. HP: 18/18 MP: 1/1
    98 | D:1      | Reached skill level 1 in Earth Magic
    98 | D:1      | Reached XP level 2. HP: 23/24 MP: 2/2
   436 | D:1      | Reached XP level 3. HP: 28/29 MP: 3/3
  1182 | D:2      | Reached XP level 4. HP: 35/35 MP: 4/4
  1305 | D:2      | Found a faded altar of an unknown god.
  2108 | D:3      | Found Qiompuir's Jewellery Emporium.
  2166 | D:3      | Reached XP level 5. HP: 41/41 MP: 5/5
  2527 | D:3      | Found a runed translucent gate.
  2528 | D:3      | Found a runed translucent gate.
  2528 | D:3      | Noticed a kobold brigand
  2528 | D:3      | Noticed jaiteiro's ghost (amateur DrFE)
  2529 | D:3      | Found a runed translucent gate.
  2642 | D:4      | Reached skill level 5 in Shields
  2823 | D:4      | Reached XP level 6. HP: 47/47 MP: 6/6
  2903 | D:4      | Found a snail-covered altar of Cheibriados.
  3013 | D:4      | Noticed Ijyb
  3024 | D:4      | Killed Ijyb
  3427 | D:4      | Found a staircase to the Ecumenical Temple.
  3433 | Temple   | Entered the Ecumenical Temple
  3655 | Temple   | Became a worshipper of Gozag Ym Sagoz the Greedy
  3761 | D:4      | Reached XP level 7. HP: 52/52 MP: 7/7
  3897 | D:5      | Entered Level 5 of the Dungeon
  3913 | D:5      | Reached skill level 5 in Earth Magic
  3950 | D:5      | Reached skill level 6 in Shields
  4170 | D:5      | Reached skill level 5 in Armour
  4175 | D:5      | Learned a level 2 spell: Passwall
  4359 | D:5      | HP: 2/52 [orc/+0 war axe (7)]
  4359 | D:5      | Killed from afar by an orc priest

Illustrated notes

Levels and vault maps discovered:
D:1:      amcnicky_arrival_underground_garden, layout_loops_ring,
          minmay_misc_feat_rows, minmay_tromino_v2
D:2:      kb_forest_paths, layout_loops_ring,
          shapermc_ecumenical_altar_notcrosses
D:3:      minmay_chambers_of_threes, layout_rooms,
          gammafunk_ghost_nasty_kobolds, serial_curves, eino_curves_02,
          eino_curves_04, serial_shops, shop
D:4:      layout_basic, kennysheep_slug_shrine, minmay_temple_entry_fiery,
          lexackson_kobold_supper, uniq_ijyb
D:5:      layout_basic, kennysheep_little_box, uniq_crazy_yiuf_cottage
Temple:   nicolae_temple_figure_eight

Skill      XL: |  1  2  3  4  5  6  7 |
---------------+----------------------+-----
Earth Magic    | 1 2 3 4 5 |  5.9
Armour         | 4 5 |  5.0
Shields        | 5 6 |  6.2
Axes           | 3 4 |  4.0
Fighting       | |  3.2

Action                     |  1- 3 |  4- 6 |  7- 9 || total
---------------------------+-------+-------+-------++-------
  Melee: War axe           |    93 |   194 |    77 ||   364
    Use: Potion            |       |     1 |       ||     1
 Armour: Scale mail        |    33 |    53 |    22 ||   108
  Dodge: Dodged            |    56 |   115 |    46 ||   217
  Block: Buckler           |    24 |    41 |    14 ||    79
